 Dungeon Crawl Stone Soup version 0.31-a0-1005-gfbdfbac (webtiles) character file.

Game seed: 18289677649932022684

13781 Partyfoot the Spear-Bearer (level 11, -3/86 HPs)
             Began as a Demonspawn Gladiator on Nov 8, 2023.
             Was an Elder of Makhleb.
             Killed from afar by a gargoyle (19 damage)
             ... with a stone arrow
             ... on level 12 of the Dungeon on Nov 11, 2023.
             The game lasted 01:29:17 (12779 turns).

Partyfoot the Spear-Bearer (Demonspawn Gladiator)  Turns: 12779, Time: 01:29:17

Health: -3/86      AC: 18    Str: 24    XL:     11   Next: 80%
Magic:  14/14      EV: 15    Int:  9    God:    Makhleb [****..]
Gold:   443        SH: 15    Dex: 16    Spells: 10/10 levels left

rFire   + + .        g - +0 trident
rCold   + . .        H - +0 tower shield
rNeg    . . .        c - +0 swamp dragon scales
rPois   +            M - +2 hat
rElec   .            J - scarf {rC+ rF+}
rCorr   .            I - +2 pair of gloves {hurl}
SInv    .            (boots unavailable)
Will    ++...        (no amulet)
Stlth   +            m - +6 ring of strength
HPRegen 0.34/turn    p - +5 ring of evasion
MPRegen 0.28/turn

%: no passive effects
@: studying Stealth
A: hooves 3, slimy green scales 2, magic regeneration, demonic willpower, fire
resistance 1, strong-willed 1
a: Renounce Religion, Minor Destruction, Lesser Servant of Makhleb, Major
Destruction


You were on level 12 of the Dungeon.
You worshipped Makhleb.
Makhleb was greatly pleased with you.
You visited 2 branches of the dungeon, and saw 13 of its levels.
You also visited: Sewer and Gauntlet.

You collected 635 gold pieces.
You spent 192 gold pieces at shops.

Inventory:

Hand Weapons
 g - a +0 trident (weapon)
 x - a +0 sling
 A - a +0 triple sword
Missiles
 d - 4 throwing nets (quivered)
 j - 68 stones
 q - a javelin
Armour
 c - +0 swamp dragon scales (worn)
 w - a +0 cloak
 G - a +2 scale mail of willpower
 H - a +0 tower shield (worn)
 I - a +2 pair of gloves of hurling (worn)
 J - a scarf of resistance (worn)
 M - a +2 hat (worn)
Jewellery
 m - a +6 ring of strength (left hand)
 p - a +5 ring of evasion (right hand)
 t - a ring of see invisible
 L - an amulet of magic regeneration
 N - a ring of magical power
Wands
 e - a wand of digging (5)
 r - a wand of charming (13)
 B - a wand of quicksilver (9)
 F - a wand of roots (21)
Scrolls
 a - 3 scrolls of enchant armour
 f - 3 scrolls of revelation
 k - 3 scrolls of teleportation
 s - 3 scrolls of immolation
 y - 2 scrolls of amnesia
 D - 3 scrolls of fog
 K - a scroll of poison
Potions
 b - a potion of curing
 h - 2 potions of mutation
 i - 2 potions of attraction {unknown}
 l - a potion of invisibility {unknown}
 n - 2 potions of ambrosia {unknown}
 o - a potion of might {unknown}
 u - 3 potions of brilliance {unknown}
 v - a potion of enlightenment {unknown}
 z - a potion of magic {unknown}
 C - 2 potions of haste {unknown}
 E - a potion of lignification {unknown}


   Skills:
 - Level 8.0 Fighting
 + Level 10.5 Polearms
 - Level 1.7 Throwing
 - Level 9.9 Armour
 - Level 2.6 Dodging
 + Level 7.1 Shields
 + Level 4.3 Invocations


You had 10 spell levels left.
You didn't know any spells.
Your spell library contained the following spells:

 Spells                   Type           Power      Damage    Failure   Level
 Ensorcelled Hibernation  Hex/Ice        0%         N/A       98%         2
 Jinxbite                 Hex            0%         N/A       98%         2
 Sublimation of Blood     Necr           0%         N/A       98%         2
 Wereblood                Tmut           0%         N/A       98%         2
 Anguish                  Hex/Necr       0%         N/A       100%        4
 Iskenderun's Battlesphe  Conj           0%         2d6       100%        5
 Bombard                  Conj/Erth      0%         9d1       100%        6
 Spellforged Servitor     Conj/Summ      0%         N/A       100%        7
 Summon Hydra             Summ           0%         N/A       100%        7


Dungeon Overview and Level Annotations

Branches:
Dungeon (12/15)            Temple (1/1) D:5             Orc (0/2) D:12
  Sewer (visited)         Gauntlet (visited)
   Lair: D:8-11

Altars:
Ashenzari
Cheibriados
Dithmenos
Fedhas
Gozag
Hepliaklqana
Kikubaaqudgha
Makhleb
Nemelex Xobeh
Okawaru
Qazlal
Ru
Trog
Wu Jian
Xom
Yredelemnul

Shops:
D:7 *:   D:9 [

Annotations:
D:8 2 transporters, Kave's ghost, novice TrSh
D:9 2 transporters, Radamante's ghost, journeyman MiFi


Innate Abilities, Weirdness & Mutations

You have hooves in place of feet.
You are mostly covered in slimy green scales. (AC +3)
You regenerate magic rapidly.
You punish those that try to bend your will. (Will+)
Your flesh is heat resistant. (rF+)
You are strong-willed. (Will+)


Message History

The gargoyle hits you with a +2 mace of holy wrath!
You convulse!
You block the gargoyle's attack. The yak gores you!
* * * LOW HITPOINT WARNING * * *
You hit the yak.
You kill the yak!
Makhleb accepts your kill.
You feel better.
The gargoyle hurls a stone arrow at you.
The stone arrow hits you!
* * * LOW HITPOINT WARNING * * *
Okay, then.
You are too injured to fight recklessly!
You see here a yak corpse.
The gargoyle hurls a stone arrow at you.
The stone arrow hits you.
* * * LOW HITPOINT WARNING * * *
You are too injured to fight recklessly!
The gargoyle hurls a stone arrow at you.
You block the stone arrow.
The gargoyle hurls a stone arrow at you.
The stone arrow hits you!
* * * LOW HITPOINT WARNING * * *
Things that are here:
a +0 dagger; a +0 robe; a kobold corpse
Aiming: Minor Destruction (1% risk of failure)
Press: ? - help, Shift-Dir - straight line, f - gargoyle
Aim: a gargoyle, wielding a +2 mace of holy wrath (moderately damaged)
The stone arrow misses the gargoyle.
A demon appears!
Your smoke demon hits the gargoyle but does no damage.
Your smoke demon hits the gargoyle.
Your smoke demon barely misses the gargoyle.
The gargoyle hurls a stone arrow at you.
The stone arrow hits you but does no damage.
Your smoke demon gestures at the gargoyle.
The gargoyle is smitten.
You see here a yak corpse.
The gargoyle hurls a stone arrow at you.
The stone arrow hits you!!
You die...

.#. .. #.## #..# ####.####
#.....9.# #.##.##.#
#..†)##.# #.9#.##@#
#....##.# #.#.###.#
#...†...# ###.#####
#.######## #........#
#..###...####.#
.........9####9#############


You could see a gargoyle.

Vanquished Creatures
  Erolcha (D:9)
  Harold (D:9)
  A two-headed ogre (D:11)
  A boulder beetle (D:11)
  A cyclops (D:11)
  A manticore (D:12)
  2 unseen horrors
  Maggie (D:9)
  A kobold demonologist (D:12)
  2 komodo dragons
  2 trolls
  A hornet (D:11)
  3 dream sheep (D:11)
  Sigmund (D:5)
  2 wyverns (D:9)
  10 yaks
  A basilisk (D:7)
  11 vampire mosquitoes
  A warg (D:12)
  4 water moccasins
  An ice beast (D:6)
  5 orc warriors
  A sky beast (D:6)
  An ogre (D:6)
  2 centaurs
  3 kobold brigands (D:9)
  Blork the orc (D:5)
  A bullfrog (D:9)
  A gnoll sergeant (D:6)
  2 scorpions
  13 killer bees
  An electric eel (D:7)
  Crazy Yiuf (D:3)
  9 orc priests
  3 gnoll boudas
  A hound (D:5)
  A jelly (D:5)
  7 iguanas
  A sleepcap (D:6)
  9 orc wizards
  17 gnolls
  A river rat (Sewer)
  18 adders
  3 shadow imps
  2 white imps
  6 ufetubi
  2 worms
  4 dart slugs
  36 orcs
  3 ball pythons
  6 bats
  8 endoplasms
  4 giant cockroaches
  7 goblins
  A hobgoblin (D:1)
  4 jackals (D:3)
  17 kobolds
  2 quokkas
  5 frilled lizards (Sewer)
  7 rats
265 creatures vanquished.

Vanquished Creatures (collateral kills)
  Erica (D:11)
1 creature vanquished.

Vanquished Creatures (others)
  A sleepcap (D:7)
1 creature vanquished.

Grand Total: 267 creatures vanquished

Notes
Turn   | Place    | Note
-------+----------+-------------------------------------------
     0 | D:1      | Partyfoot the Demonspawn Gladiator began the quest for the
                  | Orb.
     0 | D:1      | Reached XP level 1. HP: 16/16 MP: 1/1
   454 | D:1      | Gained mutation: You have large cloven feet. [demonic
                  | ancestry]
   454 | D:1      | Reached XP level 2. HP: 12/22 MP: 2/2
   634 | D:1      | Reached skill level 3 in Polearms
   706 | D:1      | Reached skill level 1 in Armour
  1088 | D:2      | Reached XP level 3. HP: 25/28 MP: 3/3
  1129 | D:2      | Identified the +1 dagger of Uncertain Death {protect, MP+9
                  | Dex-3 SInv Stlth+}
  1605 | D:2      | Gained mutation: You have hoof-like feet. [demonic
                  | ancestry]
  1605 | D:2      | Reached XP level 4. HP: 35/35 MP: 4/4
  1734 | D:3      | Found a glowing drain.
  1760 | Sewer    | Entered a sewer
  2158 | Sewer    | Reached XP level 5. HP: 41/41 MP: 5/5
  2547 | D:3      | Found a runed translucent door.
  2548 | D:3      | Noticed Crazy Yiuf
  3208 | D:3      | Killed Crazy Yiuf
  3209 | D:3      | Reached skill level 4 in Polearms
  3945 | D:4      | Gained mutation: You are partially covered in slimy green
                  | scales. (AC +2) [demonic ancestry]
  3945 | D:4      | Reached XP level 6. HP: 48/48 MP: 6/6
  4098 | D:5      | Entered Level 5 of the Dungeon
  4511 | D:5      | Found a stormy altar of Qazlal.
  4542 | D:5      | Gained mutation: You regenerate magic rapidly. [demonic
                  | ancestry]
  4542 | D:5      | Reached XP level 7. HP: 41/55 MP: 7/7
  4743 | D:5      | Noticed Blork the orc
  4769 | D:5      | Killed Blork the orc
  4822 | D:5      | Reached skill level 5 in Fighting
  4858 | D:5      | Found an opulent altar of Gozag.
  4867 | D:5      | Reached skill level 5 in Polearms
  4881 | D:5      | Noticed Sigmund
  4933 | D:5      | Killed Sigmund
  4975 | D:5      | Found a staircase to the Ecumenical Temple.
  4994 | Temple   | Entered the Ecumenical Temple
  5034 | Temple   | Became a worshipper of Makhleb the Destroyer
  5388 | D:6      | Gained mutation: You have hooves in place of feet. [demonic
                  | ancestry]
  5388 | D:6      | Reached XP level 8. HP: 64/64 MP: 8/8
  5665 | D:6      | Reached skill level 5 in Armour
  5739 | D:6      | Reached skill level 6 in Polearms
  6273 | D:6      | Gained mutation: You are strong-willed. (Will+) [potion of
                  | mutation]
  6273 | D:6      | Gained mutation: Your flesh is heat resistant. (rF+)
                  | [potion of mutation]
  6885 | D:6      | Gained mutation: You are mostly covered in slimy green
                  | scales. (AC +3) [demonic ancestry]
  6885 | D:6      | Reached XP level 9. HP: 42/72 MP: 9/9
  6988 | D:7      | Reached * piety under Makhleb
  7176 | D:7      | Found Bitod's Assorted Antiques.
  7212 | D:7      | Reached skill level 7 in Polearms
  7384 | D:7      | Noticed an unseen horror
  7391 | D:7      | Killed an unseen horror
  7466 | D:7      | Found Peewn's Book Shop.
  7554 | D:7      | Found a shimmering altar of Xom.
  8176 | D:8      | Noticed Kave's ghost (novice TrSh)
  8178 | D:8      | Upgraded the game from 0.31-a0-1001-g770356a to
                  | 0.31-a0-1005-gfbdfbac
  8179 | D:8      | Found a transporter.
  8206 | D:8      | Found a transporter.
  8305 | D:9      | Found Yseseo Zasu's Antique Armour Shoppe.
  8309 | D:9      | Bought a glowing scarf for 192 gold pieces
  8364 | D:9      | Reached skill level 1 in Shields
  8364 | D:9      | Reached ** piety under Makhleb
  8463 | D:9      | Noticed Harold
  8489 | D:9      | Killed Harold
  8490 | D:9      | Reached skill level 8 in Polearms
  8490 | D:9      | Gained mutation: You punish those that try to bend your
                  | will. (Will+) [demonic ancestry]
  8490 | D:9      | Reached XP level 10. HP: 60/80 MP: 10/10
  8780 | D:9      | Found a transporter.
  8781 | D:9      | Noticed Radamante's ghost (journeyman MiFi)
  8802 | D:9      | Noticed Maggie
  8824 | D:9      | Killed Maggie
  9143 | D:9      | Noticed Erolcha
  9162 | D:9      | Killed Erolcha
  9245 | D:9      | Found a transporter.
  9345 | D:9      | Reached skill level 9 in Polearms
  9577 | D:10     | Entered Level 10 of the Dungeon
  9595 | D:10     | Noticed a gargoyle
  9635 | D:11     | Reached skill level 5 in Shields
  9660 | D:11     | Noticed Erica
  9663 | D:11     | Noticed a two-headed ogre
  9672 | D:11     | Killed a two-headed ogre
  9673 | D:11     | Killed Erica
  9674 | D:11     | Reached XP level 11. HP: 86/86 MP: 11/11
  9742 | D:11     | Found a gate leading to a gauntlet.
  9755 | Gauntlet | Entered a Gauntlet
  9755 | Gauntlet | Noticed an arcanist
  9755 | Gauntlet | Found a transporter.
  9755 | Gauntlet | Found a transporter.
  9755 | Gauntlet | Found a transporter.
  9755 | Gauntlet | Found a transporter.
  9759 | Gauntlet | Found a transporter.
  9759 | Gauntlet | Found a transporter.
  9856 | Gauntlet | Found a large runed translucent door.
  9857 | Gauntlet | Found a large runed translucent door.
  9858 | Gauntlet | Found a large runed translucent door.
  9858 | Gauntlet | Found a large runed translucent door.
  9858 | Gauntlet | Found a runed translucent door.
  9859 | Gauntlet | Found a large runed translucent door.
  9860 | Gauntlet | Found a large runed translucent door.
  9861 | Gauntlet | Found a large runed translucent door.
  9861 | Gauntlet | Found a large runed translucent door.
  9862 | Gauntlet | Found a runed translucent gate.
  9862 | Gauntlet | Noticed a thrashing horror
  9864 | Gauntlet | Found a transporter.
  9864 | Gauntlet | Found the +2 ratskin cloak {*Rats rPois rN+ Str-1 Int-1
                  | Dex+1}
  9867 | Gauntlet | Found a runed translucent gate.
  9867 | Gauntlet | Found a transporter.
  9868 | Gauntlet | Found a transporter.
  9869 | Gauntlet | Found a transporter.
  9871 | Gauntlet | Noticed a hell hog
  9878 | Gauntlet | Noticed a death drake
  9879 | Gauntlet | Found a transporter.
  9879 | Gauntlet | Found a transporter.
  9910 | Gauntlet | Found a runed translucent gate.
  9911 | Gauntlet | Found a large runed translucent door.
  9911 | Gauntlet | Found a large runed translucent door.
  9912 | Gauntlet | Found a large runed translucent door.
  9913 | Gauntlet | Found a large runed translucent door.
  9914 | Gauntlet | Found a large runed translucent door.
  9914 | Gauntlet | Found a large runed translucent door.
  9914 | Gauntlet | Found a runed translucent door.
  9915 | Gauntlet | Found a large runed translucent door.
  9916 | Gauntlet | Found a large runed translucent door.
  9983 | Gauntlet | Found the +7 lajatang of Order {silver, rMut}
 10160 | D:11     | Reached *** piety under Makhleb
 10882 | D:11     | Noticed a boulder beetle
 11093 | D:11     | Killed a boulder beetle
 11340 | D:11     | Reached skill level 10 in Polearms
 11762 | D:11     | Identified the +0 robe "Zohiat" {rElec Int+4}
 11827 | D:10     | Reached skill level 1 in Invocations
 11902 | D:10     | Found a sacrificial altar of Ru.
 12004 | D:12     | Found a staircase to the Orcish Mines.
 12147 | D:12     | Noticed a boulder beetle
 12160 | D:12     | HP: 1/85 [boulder beetle (18)]
 12630 | D:12     | Reached **** piety under Makhleb
 12779 | D:12     | Killed from afar by a gargoyle

Illustrated notes

Levels and vault maps discovered:
D:1:      dpeg_arrival_round_b, layout_loops_corners, solitary_fountain
D:2:      layout_loops_cross, chequers_serial_rivers_micro_c
D:3:      layout_basic, cheibrodos_sewer_entry_bend, minmay_crystal_room,
          small_statue_intersection, chequers_serial_rivers_micro_d,
          dk_vineyard_1, uniq_crazy_yiuf_cottage
D:4:      layout_layer_cave
D:5:      layout_loops_ring, zin_statuary, nicolae_qazlal_general_emergency,
          grunt_gozag_statues, minmay_temple_entry_overgrown,
          minmay_misc_feat_cross, uniq_blork_the_orc, uniq_sigmund
D:6:      hellmonk_destroyed_diamonds, layout_basic
D:7:      layout_basic, mainiacjoe_overflow_small_starburst,
          nicolae_overflow_squiral, serial_shops, shop, nicolae_lakefront_shop,
          dreamdust_mushroom_princess
D:8:      layout_cave_pods, nicolae_uskayaw_murder_on_the_dancefloor,
          nicolae_vehumet_radiance, gammafunk_ghost_arena,
          serial_library_regret_index_small_wings, item_on_display_a
D:9:      layout_roguey, gammafunk_ghost_stat_death, serial_shops,
          nicolae_shop_trees, uniq_erolcha, uniq_maggie, uniq_harold
D:10:     nicolae_moon_pools, layout_cave_pools, overflow_temple_1_default,
          serial_library_hellmonk_filled_rooms, disabler_island
D:11:     layout_grid_maze, gauntlet_entry_generic, dreamdust_gnoll_shepherd,
          uniq_erica
D:12:     layout_loops_cross, erik_orc_4, nicolae_trove_entry_free_sample
Temple:   hellmonk_temple_forest_ring

Skill      XL: |  1  2  3  4  5  6  7  8  9 10 11 |
---------------+----------------------------------+-----
Polearms       | 3 4 5 6 8 9 10 | 10.5
Armour         | 1 2 3 4 6 7 9 |  9.9
Fighting       | 3 4 5 7 8 |  8.0
Shields        | 2 5 7 |  7.1
Invocations    | 4 |  4.3
Throwing       | |  1.7
Dodging        | |  2.6

Action                     |  1- 3 |  4- 6 |  7- 9 | 10-12 || total
---------------------------+-------+-------+-------+-------++-------
  Melee: Trident           |    92 |       |    74 |   531 ||   697
         Kick              |    12 |    58 |    97 |   164 ||   331
         Spear             |     9 |   254 |    53 |       ||   316
         Punch             |     1 |     2 |       |       ||     3
         Halberd           |       |       |    83 |       ||    83
         Glaive            |       |       |   165 |       ||   165
   Fire: Sling             |       |       |    25 |    10 ||    35
  Throw: Javelin           |       |       |     1 |       ||     1
         Throwing net      |       |       |       |     2 ||     2
 Invoke: Minor Destruction |       |       |       |     1 ||     1
         Lesser Servant of |       |       |       |     1 ||     1
  Evoke: Wand              |       |       |       |     2 ||     2
    Use: Scroll            |       |    10 |     3 |     4 ||    17
         Potion            |       |       |     6 |     1 ||     7
   Stab: Sleeping          |     2 |       |       |       ||     2
         Held in net/web   |       |       |       |     3 ||     3
         Distracted        |       |       |       |     1 ||     1
 Armour: Leather armour    |    35 |       |       |       ||    35
         Ring mail         |     6 |    47 |       |       ||    53
         Scale mail        |       |    70 |   219 |    22 ||   311
         Plate armour      |       |       |    84 |       ||    84
         Swamp dragon scal |       |       |       |   231 ||   231
  Dodge: Dodged            |    36 |   136 |   346 |   220 ||   738
  Block: Tower shield      |       |       |    56 |   381 ||   437

Table legend: (Time is in decaauts)
 A = Elapsed time spent in this place.
 B = Non-inter-level travel time spent in this place.
 C = Inter-level travel time spent in this place.
 D = Time resting spent in this place.
 E = Time spent auto-exploring this place.
 F = Levels seen in this place.
 G = Mean time per level.
                   A        B        C        D        E       F      G
               +--------+--------+--------+--------+--------+-----+--------+
         Total |  13007 |  12150 |    857 |   2897 |   5506 |  15 |  867.1 |
       Dungeon |  12065 |  11232 |    833 |   2733 |   5213 |  12 | 1005.4 |
        Temple |     58 |     34 |     24 |      0 |      0 |   1 |   58.0 |
         Sewer |    570 |    570 |      0 |     69 |    288 |   1 |  570.0 |
      Gauntlet |    312 |    312 |      0 |     95 |      5 |   1 |  312.0 |
               +--------+--------+--------+--------+--------+-----+--------+

Top non-repeatable levels by time:
    D:11: 1803 daAuts
     D:6: 1573 daAuts
     D:9: 1410 daAuts
     D:7: 1236 daAuts
     D:5: 1161 daAuts
     D:3: 1134 daAuts
     D:1: 986 daAuts
     D:2: 849 daAuts
     D:4: 722 daAuts
    D:12: 580 daAuts
   Sewer: 570 daAuts
    D:10: 530 daAuts
Gauntlet: 312 daAuts
     D:8: 75 daAuts
  Temple: 58 daAuts
